AoeStats
← scotchmalt

Arabia

510041740Analyzed
1v1 RM · 1d ago on Sep 29, 2026· 39m 8s· 2 players
Game mode
Random Map
Map size
Tiny (2 player)
Population
200
Speed
Normal
Resources
Standard
Victory
Conquest
Starting age
Dark Age
Ending age
Imperial Age
RankedLock teamsTeams togetherTeam positionsShared explorationLock speedFull tech treeHidden civsTurbo modeCheats
Victory
Defeat
🇮🇳 Koreans · India
775
+17
🇮🇳 Teutons · India
798
-17
scotchmalt
8:15 Loom
10:08 Feudal Age
14:09 Scale Mail Armor
14:20 Forging
14:59 Scale Barding Armor
24:38 Castle Age
23:36 Fletching
24:23 Double-Bit Axe
25:21 Crossbowman
30:47 Elite Skirmisher
32:54 Pikeman
36:24 Chain Mail Armor
36:44 Iron Casting
38:47 Bodkin Arrow
IronSpyder0511
8:10 Loom
10:36 Feudal Age
11:17 Double-Bit Axe
13:52 Wheelbarrow
13:46 Horse Collar
16:36 Scale Barding Armor
16:42 Forging
19:44 Bloodlines
23:53 Castle Age
23:59 Castle Age
23:03 Fletching
24:03 Crossbowman
25:02 Bodkin Arrow
25:35 Squires
26:15 Pikeman
27:19 Bow Saw
30:37 Hand Cart
31:33 Town Watch
32:33 Chain Barding Armor
38:49 Iron Casting
Connection lost

Rejoining the realm…

Still unreachable

The connection could not be restored.

Session expired

The server has moved on; the page needs a fresh start.